AoeStats
← 陟遐自迩

Black Forest

503826530Analyzed
4v4 RM · 1mo ago on Sep 2, 2026· 60m 30s· 8 players
Game mode
Random Map
Map size
Large (8 player)
Population
200
Speed
Normal
Resources
Standard
Victory
Conquest
Starting age
Dark Age
Ending age
Imperial Age
RankedLock teamsTeams togetherTeam positionsShared explorationLock speedFull tech treeHidden civsTurbo modeCheats
Victory
Defeat
🇧🇷 Dravidians · Brazil
1122
+14
🇧🇪 Persians · Belgium
1059
+17
🇺🇸 Britons · United States
1033
+18
🇳🇱 Turks · Netherlands
1022
+19
1114
-19
🇩🇪 Persians · Germany
1114
-19
🇨🇳 Romans · China
1078
-17
🇨🇳 Chinese · China
1038
-15
MyGO.Soyo
0:28 Loom
13:38 Feudal Age
15:03 Wheelbarrow
17:52 Castle Age
17:06 Horse Collar
17:16 Double-Bit Axe
18:44 Bow Saw
18:45 Heavy Plow
29:03 Hand Cart
33:39 Imperial Age
32:11 Gold Mining
32:11 Stone Mining
33:36 Gold Shaft Mining
33:23 Ballistas
34:01 Squires
34:14 Scale Mail Armor
33:54 Capped Ram
34:20 Heavy Scorpion
34:36 Pikeman
36:36 Ballistics
37:16 Chemistry
36:22 Siege Engineers
36:42 Siege Ram
37:48 Caravan
37:26 Halberdier
浮槎万里获星河
11:25 Feudal Age
15:28 Castle Age
13:48 Double-Bit Axe
14:51 Horse Collar
23:26 Wheelbarrow
22:38 Loom
28:54 Imperial Age
27:08 Bow Saw
28:37 Chemistry
28:45 Heavy Plow
28:11 Pikeman
28:51 Squires
29:03 Forging
29:14 Treadmill Crane
30:04 Conscription
30:33 Hand Cart
30:53 Ballistics
31:58 Houfnice
35:01 Halberdier
37:31 Siege Engineers
39:33 Wagenburg Tactics
42:46 Iron Casting
42:28 Town Watch
42:49 Scale Mail Armor
43:23 Husbandry
45:15 Two-Man Saw
45:09 Guilds
45:29 Coinage
45:00 Caravan
46:31 Light Cavalry
47:30 Chain Mail Armor
48:16 Blast Furnace
51:51 Scale Barding Armor
陟遐自迩
0:51 Loom
15:07 Feudal Age
17:41 Horse Collar
23:12 Castle Age
21:31 Double-Bit Axe
21:39 Stone Mining
22:33 Wheelbarrow
23:53 Bow Saw
23:44 Heavy Plow
24:43 Gold Mining
32:08 Forging
32:03 Scale Barding Armor
36:08 Imperial Age
34:46 Gold Shaft Mining
34:49 Stone Shaft Mining
34:54 Husbandry
35:06 Bloodlines
35:01 Devotion
36:01 Iron Casting
35:47 Chain Barding Armor
36:35 Hand Cart
36:06 Town Watch
36:55 Conscription
37:04 Elite War Elephant
38:59 Block Printing
39:23 Theocracy
38:31 Pikeman
39:12 Squires
38:57 Arson
40:15 Blast Furnace
39:50 Plate Barding Armor
42:54 Crop Rotation
43:31 Two-Man Saw
44:09 Caravan
46:33 Fletching
49:28 Theocracy
58:05 Faith
明妃王樯
0:27 Loom
11:07 Feudal Age
11:52 Double-Bit Axe
18:45 Castle Age
17:01 Horse Collar
18:46 Gold Mining
19:56 Heavy Plow
20:25 Bow Saw
23:21 Stone Mining
25:28 Wheelbarrow
25:47 Stone Shaft Mining
26:27 Fortified Wall
27:27 Hand Cart
32:01 Imperial Age
29:59 Forging
29:50 Scale Mail Armor
30:30 Caravan
31:20 Town Watch
31:56 Masonry
31:43 Murder Holes
32:25 Iron Casting
32:06 Chain Mail Armor
33:13 Ballistics
33:41 Gold Shaft Mining
34:15 Two-Man Saw
34:19 Blast Furnace
33:33 Town Patrol
34:36 Chemistry
34:07 Architecture
33:55 Great Wall
34:18 Conscription
33:57 Elite Chu Ko Nu
35:21 Plate Mail Armor
34:43 Fletching
34:53 Padded Archer Armor
35:18 Squires
35:04 Arson
35:36 Elite Fire Lancer
35:37 Pikeman
36:53 Halberdier
37:33 Bodkin Arrow
38:52 Bracer
39:08 Leather Archer Armor
39:04 Thumb Ring
52:16 Coinage
52:59 Banking
Kryptonknight
1:07 Loom
11:50 Feudal Age
15:37 Castle Age
13:32 Horse Collar
13:42 Double-Bit Axe
17:44 Bow Saw
23:17 Wheelbarrow
24:24 Horse Collar
24:39 Gold Mining
25:48 Heavy Plow
26:39 Hand Cart
27:17 Stone Mining
31:01 Imperial Age
29:09 Gold Shaft Mining
29:29 Ballistics
29:02 Fletching
29:14 Padded Archer Armor
29:20 Town Watch
30:48 Yeomen
30:28 Bodkin Arrow
30:45 Masonry
30:17 Treadmill Crane
30:40 Murder Holes
32:02 Bracer
33:39 Elite Longbowman
34:40 Conscription
34:27 Warwolf
35:32 Two-Man Saw
35:00 Leather Archer Armor
35:42 Hoardings
38:37 Chemistry
38:08 Architecture
46:48 Siege Engineers
AF_Atlantis_PAL
3:15 Loom
12:03 Feudal Age
16:12 Castle Age
14:17 Double-Bit Axe
21:22 Horse Collar
26:05 Bow Saw
28:58 Caravan
28:49 Town Watch
30:47 Gold Mining
30:48 Stone Mining
31:35 Wheelbarrow
34:46 Imperial Age
33:03 Forging
32:59 Scale Barding Armor
34:02 Stone Shaft Mining
34:03 Gold Shaft Mining
34:38 Iron Casting
35:02 Kamandaran
35:08 Elite War Elephant
37:24 Conscription
37:16 Citadels
37:19 Thumb Ring
36:39 Crossbowman
39:36 Ballistics
40:17 Chemistry
40:26 Blast Furnace
39:47 Chain Barding Armor
39:18 Fletching
39:28 Padded Archer Armor
40:18 Elite Skirmisher
43:24 Plate Barding Armor
42:45 Bodkin Arrow
44:23 Leather Archer Armor
46:11 Pikeman
46:51 Squires
49:01 Halberdier
51:33 Light Cavalry
52:23 Bloodlines
zeburt
0:40 Loom
15:36 Feudal Age
17:16 Double-Bit Axe
23:16 Castle Age
22:36 Horse Collar
27:38 Fortified Wall
34:03 Wheelbarrow
34:53 Bow Saw
35:23 Wheelbarrow
34:34 Town Watch
35:12 Masonry
35:46 Gold Mining
35:48 Stone Mining
35:43 Treadmill Crane
37:24 Hand Cart
37:25 Town Patrol
41:49 Imperial Age
40:07 Scale Barding Armor
40:13 Forging
41:29 Bloodlines
41:19 Husbandry
42:30 Chain Barding Armor
42:45 Iron Casting
42:58 Ballistics
43:24 Gold Shaft Mining
43:04 Heavy Camel Rider
44:51 Plate Barding Armor
45:17 Bombard Tower
46:21 Conscription
48:08 Blast Furnace
47:57 Architecture
48:14 Fletching
49:37 Bodkin Arrow
51:25 Bodkin Arrow
51:31 Padded Archer Armor
52:37 Parthian Tactics
51:32 Heavy Cavalry Archer
52:41 Caravan
53:01 Thumb Ring
54:24 Bracer
57:30 Leather Archer Armor
Heldblaser
8:06 Loom
12:50 Feudal Age
16:20 Castle Age
14:16 Double-Bit Axe
14:13 Horse Collar
17:26 Bow Saw
17:16 Heavy Plow
22:43 Gold Mining
24:53 Wheelbarrow
24:45 Stone Mining
26:21 Hand Cart
30:17 Imperial Age
28:03 Fletching
28:57 Ballistics
28:24 Town Watch
29:02 Bodkin Arrow
29:08 Padded Archer Armor
29:58 Thumb Ring
31:00 Bracer
31:16 Leather Archer Armor
30:25 Elite Elephant Archer
33:22 Chemistry
33:16 Caravan
34:47 Ring Archer Armor
34:30 Masonry
38:09 Conscription
37:57 Medical Corps
42:50 Guilds
47:19 Elite Skirmisher
48:59 Husbandry
49:35 Town Patrol
53:35 Murder Holes
57:02 Two-Man Saw
Connection lost

Rejoining the realm…

Still unreachable

The connection could not be restored.

Session expired

The server has moved on; the page needs a fresh start.